AoeStats
← Luo_ji22

Arabia

509568694Analyzed
2v2 RM · 5d ago on Sep 27, 2026· 76m 3s· 4 players
Game mode
Random Map
Map size
Medium (4 player)
Population
200
Speed
Normal
Resources
Standard
Victory
Conquest
Starting age
Dark Age
Ending age
Imperial Age
RankedLock teamsTeams togetherTeam positionsShared explorationLock speedFull tech treeHidden civsTurbo modeCheats
Victory
Defeat
🇹🇷 Lithuanians · Türkiye
1078
+10
🇹🇷 Vietnamese · Türkiye
972
+14
🇨🇭 Franks · Switzerland
941
-36
🇨🇭 Vikings · Switzerland
941
-36
İnce memed
7:19 Loom
9:52 Feudal Age
10:31 Double-Bit Axe
16:37 Wheelbarrow
15:50 Town Watch
18:48 Bloodlines
18:56 Forging
23:08 Castle Age
21:26 Horse Collar
21:38 Gold Mining
22:57 Scale Barding Armor
25:23 Light Cavalry
26:04 Husbandry
27:19 Wheelbarrow
29:47 Hand Cart
32:53 Scale Mail Armor
33:15 Chain Barding Armor
33:30 Iron Casting
36:10 Imperial Age
36:24 Cavalier
38:42 Chemistry
38:52 Heavy Plow
41:20 Plate Barding Armor
40:11 Paladin
45:14 Elite Skirmisher
46:00 Thumb Ring
45:58 Fletching
46:08 Padded Archer Armor
47:00 Imperial Skirmisher
48:05 Ballistics
53:37 Bodkin Arrow
53:58 Leather Archer Armor
55:42 Bracer
56:13 Ring Archer Armor
56:54 Tower Shields
57:15 Conscription
Aygıt Kocaman
11:02 Feudal Age
13:21 Loom
23:12 Castle Age
21:08 Gold Mining
21:23 Double-Bit Axe
21:46 Horse Collar
23:02 Stone Mining
25:45 Thumb Ring
27:07 Crossbowman
27:08 Elite Skirmisher
30:08 Ballistics
31:44 Wheelbarrow
30:56 Town Watch
38:59 Imperial Age
39:37 Bow Saw
39:46 Imperial Skirmisher
41:36 Chemistry
40:33 Murder Holes
41:01 Elite Rattan Archer
41:58 Fletching
42:09 Padded Archer Armor
44:00 Bodkin Arrow
44:20 Leather Archer Armor
44:33 Fortified Wall
44:28 Arbalester
48:00 Bracer
48:31 Ring Archer Armor
48:14 Forging
48:05 Scale Mail Armor
49:34 Heavy Plow
50:38 Two-Man Saw
51:25 Hand Cart
54:21 Iron Casting
54:02 Chain Mail Armor
59:33 Siege Engineers
61:25 Paper Money
62:06 Stone Shaft Mining
Luo_ji22
6:14 Loom
9:49 Feudal Age
13:32 Double-Bit Axe
16:04 Fletching
17:02 Horse Collar
20:52 Castle Age
21:16 Gold Mining
23:38 Bow Saw
24:11 Gold Shaft Mining
23:46 Heavy Plow
27:15 Imperial Age
25:20 Crossbowman
25:38 Elite Skirmisher
27:18 Pikeman
28:44 Arbalester
31:27 Bodkin Arrow
31:33 Padded Archer Armor
32:32 Ballistics
35:11 Forging
36:59 Elite Berserk
38:08 Conscription
37:49 Man-at-Arms
38:39 Elite Varangian Guard
40:56 Iron Casting
40:22 Bracer
40:38 Leather Archer Armor
40:24 Scale Mail Armor
42:50 Squires
42:36 Arson
44:26 Chieftains
46:40 Hoardings
47:10 Caravan
48:28 Blast Furnace
47:59 Ring Archer Armor
49:56 Bogsveigar
51:17 Two-Man Saw
50:56 Crop Rotation
50:19 Stone Mining
66:47 Chain Mail Armor
Herakles
6:21 Loom
9:08 Feudal Age
10:57 Wheelbarrow
20:15 Double-Bit Axe
24:53 Castle Age
25:57 Bow Saw
26:23 Pikeman
32:44 Imperial Age
30:56 Gold Mining
31:06 Fletching
32:05 Ballistics
33:17 Bodkin Arrow
33:23 Padded Archer Armor
34:50 Cranequins
36:47 Leather Archer Armor
45:07 Capped Ram
45:14 Elite Throwing Axeman
46:34 Hoardings
49:18 Halberdier
50:29 Scale Mail Armor
50:40 Forging
59:07 Chain Mail Armor
58:22 Light Cavalry
59:03 Husbandry
Connection lost

Rejoining the realm…

Still unreachable

The connection could not be restored.

Session expired

The server has moved on; the page needs a fresh start.